AoeStats
← dekam34

Acropolis

501372421Analyzed
1v1 RM · 1mo ago on Aug 22, 2026· 37m 37s· 2 players
Game mode
Random Map
Map size
Tiny (2 player)
Population
200
Speed
Normal
Resources
Standard
Victory
Conquest
Starting age
Dark Age
Ending age
Imperial Age
RankedLock teamsTeams togetherTeam positionsShared explorationLock speedFull tech treeHidden civsTurbo modeCheats
Victory
Defeat
🇺🇸 Bulgarians · United States
666
+17
🇺🇸 Romans · United States
681
-17
dekam34
10:03 Feudal Age
17:42 Scale Mail Armor
17:57 Double-Bit Axe
21:39 Wheelbarrow
23:31 Castle Age
21:24 Horse Collar
22:24 Forging
30:10 Fletching
30:38 Chain Mail Armor
30:25 Murder Holes
30:50 Gold Mining
30:53 Stone Mining
33:49 Imperial Age
32:46 Bodkin Arrow
35:01 Hand Cart
35:31 Bracer
36:46 Scale Barding Armor
36:46 Heavy Plow
36:38 Town Watch
RedBeard252
3:56 Loom
12:48 Feudal Age
13:23 Man-at-Arms
15:43 Wheelbarrow
15:14 Double-Bit Axe
20:10 Scale Mail Armor
20:21 Forging
20:02 Fletching
24:42 Horse Collar
28:05 Castle Age
28:44 Long Swordsman
29:24 Squires
29:44 Chain Mail Armor
30:05 Iron Casting
29:47 Bow Saw
30:10 Stone Mining
32:08 Gold Mining
37:54 Imperial Age
36:58 Hand Cart
Connection lost

Rejoining the realm…

Still unreachable

The connection could not be restored.

Session expired

The server has moved on; the page needs a fresh start.